[Event "78th LOTTO POL-ch 2021"]
[Site "Bydgoszcz"]
[Date "2021.05.02"]
[Round "2.4"]
[White "Kempinski, Robert"]
[Black "Teclaf, Pawel"]
[Result "1/2-1/2"]
[ECO "A40"]
[WhiteElo "2561"]
[BlackElo "2502"]
[Annotator "ChessBase"]
[PlyCount "62"]
[EventDate "2021.04.29"]
[EventType "k.o."]
[EventCountry "POL"]
[SourceTitle "playchess.com"]
[Source "ChessBase"]
[SourceQuality "1"]
[TimeControl "900+10"]

1. d4 e6 2. c4 b6 3. e4 Bb4+ 4. Bd2 Bxd2+ 5. Qxd2 d5 6. Nc3 dxe4 7. Nxe4 Bb7 8. Nc3 Nf6 9. Nf3 O-O 10. Be2 c5 11. O-O cxd4 12. Qxd4 Nc6 13. Qh4 Ne7 14. Rfd1 Qb8 15. Qg3 Qxg3 16. hxg3 Nf5 17. Ne5 Rfd8 18. Bf3 Bxf3 19. gxf3 Nd4 20. Kg2 Rd6 21. Rd3 Rad8 22. Rad1 Nf5 23. Nb5 Rxd3 24. Rxd3 Rxd3 25. Nxd3 a6 26. Nc7 a5 27. c5 bxc5 28. Nxc5 Nd4 29. Nb7 Nc6 30. Nb5 Nd5 31. N5d6 Nb6 1/2-1/2

[Event "78th LOTTO POL-ch 2021"]
[Site "Bydgoszcz"]
[Date "2021.05.05"]
[Round "3.3"]
[White "Moranda, Wojciech"]
[Black "Teclaf, Pawel"]
[Result "1-0"]
[ECO "A40"]
[WhiteElo "2618"]
[BlackElo "2502"]
[Annotator "RC"]
[PlyCount "51"]
[EventDate "2021.04.29"]
[EventType "k.o."]
[EventCountry "POL"]
[SourceTitle "playchess.com"]
[Source "ChessBase"]
[SourceQuality "1"]
[TimeControl "900+10"]

1. d4 e6 2. Nf3 c5 3. c4 cxd4 4. Nxd4 a6 5. Nc3 Nf6 6. g3 Qc7 7. Bg2 Qxc4 8. O-O Nc6 9. Nb3 Be7 10. e4 Qb4 11. Bf4 d6 12. Be3 Ne5 13. a3 Qc4 14. Rc1 Qd3 15. Nd2 Nfg4 16. Bb6 Bg5 17. f4 Ne3 18. Bxe3 Qxe3+ 19. Kh1 Bh6 20. Rc2 Nd3 21. Ndb1 Bxf4 22. gxf4 Nxf4 23. Qxd6 Nxg2 24. Rxg2 Bd7 25. Nd2 Rc8 26. Rxf7 1-0